New York Rangers vs Colorado Rockies
Created - Wednesday, October 11, 2023 at 07:12
Goals
|
| New York Rangers |
1 |
0 |
0 |
1 |
| Colorado Rockies |
0 |
1 |
2 |
3 |
|
Shots
|
| New York Rangers |
12 |
9 |
5 |
26 |
| Colorado Rockies |
11 |
5 |
11 |
27 |
|
1st period
1. New York Rangers , Conor Garland 6 (Jake McCabe 4) at 14:49
Penalties :
Dmitry Kulikov (NYR) for Hooking (Minor) at 8:29
2nd period
2. Colorado Rockies , Nikita Kucherov 17 (Kyle Connor 20, Tim Stutzle 21) at 3:40 (PP)
Penalties :
Mark Giordano (NYR) for Hooking (Minor) at 2:56, Evgeny Kuznetsov (COL) for Holding (Minor) at 10:11, Mark Giordano (NYR) for Boarding (Minor) at 14:13
3rd period
3. Colorado Rockies , Jesper Bratt 18 (Nikita Kucherov 15, Tim Stutzle 22) at 8:02
4. Colorado Rockies , Victor Hedman 3 (Tim Stutzle 23) at 19:31 (Empty Net)
Penalties :
Victor Hedman (COL) for Cross-checking (Minor) at 0:22, Mark Giordano (NYR) for Hooking (Minor) at 8:37, Roman Josi (COL) for Hooking (Minor) at 11:13
Goalie Stats
Igor Shesterkin (NYR), 24 saves from 26 shots - (0.923), L, 23-3-4, 59:32 minutes
Ilya Samsonov (COL), 25 saves from 26 shots - (0.962), W, 9-5-0, 60:00 minutes
Players Stats for New York Rangers
Player Name G A P +/- PIM S H SB GA TA FO MP PP MP PK MP
------------------------------------------------------------------------------------
Adam Larsson 0 0 0 -1 0 0 3 2 0 0 0/0 23:26 3:15 4:16
Andre Burakovsky 0 0 0 0 0 0 0 0 0 0 0/0 12:33 2:42 0:00
Artemi Panarin 0 0 0 -2 0 4 0 0 1 0 1/1 17:58 3:07 0:00
Cam Fowler 0 0 0 -1 0 0 0 0 0 2 0/0 17:04 0:00 1:16
Cole Caufield 0 0 0 0 0 2 2 0 0 0 0/0 15:41 2:50 0:00
Conor Garland 1 0 1 1 0 3 1 0 1 0 1/3 12:05 0:00 3:17
David Kampf 0 0 0 1 0 0 2 1 2 0 1/3 12:58 0:00 3:07
Dmitry Kulikov 0 0 0 -1 2 1 2 2 1 0 0/0 16:09 0:00 1:30
Filip Chytil 0 0 0 0 0 1 0 1 0 0 4/7 9:39 0:00 0:00
Gabriel Landeskog 0 0 0 0 0 3 2 0 1 0 0/0 13:36 2:50 0:00
Jake McCabe 0 1 1 1 0 0 1 1 0 0 0/0 19:16 0:00 3:22
Mark Giordano 0 0 0 -1 6 3 0 1 0 0 0/0 18:56 2:42 0:25
Mathew Barzal 0 0 0 -1 0 2 1 0 1 0 0/1 16:53 3:15 0:04
Matthew Benning 0 0 0 1 0 0 1 0 0 0 0/0 18:08 0:00 2:33
Mikael Granlund 0 0 0 0 0 2 1 0 0 0 5/14 19:00 2:50 3:30
Nathan MacKinnon 0 0 0 -2 0 3 1 0 0 1 3/4 18:26 3:07 0:00
Pierre-Luc Dubois 0 0 0 -1 0 1 0 0 0 0 7/17 18:41 3:07 0:20
Tyler Motte 0 0 0 1 0 1 1 1 0 0 0/0 12:46 0:00 3:04
Players Stats for Colorado Rockies
Player Name G A P +/- PIM S H SB GA TA FO MP PP MP PK MP
------------------------------------------------------------------------------------
David Pastrnak 0 0 0 0 0 4 1 0 0 0 1/1 16:22 3:17 0:00
Dylan Strome 0 0 0 -1 0 1 2 0 0 1 0/0 10:47 0:00 0:00
Evgeny Kuznetsov 0 0 0 0 2 1 1 0 0 0 9/13 15:13 0:00 1:47
Jesper Bratt 1 0 1 1 0 3 0 0 0 2 0/2 18:08 3:17 0:29
Kevin Hayes 0 0 0 0 0 0 0 1 0 0 0/0 8:00 0:00 0:00
Kyle Connor 0 1 1 1 0 1 2 3 0 1 0/1 17:02 3:24 0:00
Kyle Palmieri 0 0 0 0 0 0 3 1 1 1 0/0 8:34 0:00 0:00
Martin Fehervary 0 0 0 0 0 0 4 0 0 0 0/0 15:58 0:00 3:17
Nick Bonino 0 0 0 0 0 0 0 0 0 0 1/2 12:07 0:00 3:10
Nick Schmaltz 0 0 0 -1 0 1 2 0 0 0 1/1 12:54 0:00 1:00
Nikita Kucherov 1 1 2 2 0 5 1 0 1 0 1/1 17:41 3:24 0:00
Quinn Hughes 0 0 0 1 0 0 0 0 1 0 0/0 22:26 3:04 3:33
Roman Josi 0 0 0 0 2 2 2 2 0 0 0/0 23:52 3:37 1:53
Ryan O'Reilly 0 0 0 -1 0 1 4 0 0 0 4/9 16:31 3:17 2:41
Shea Theodore 0 0 0 0 0 0 0 0 0 1 0/0 16:24 3:32 0:00
Tim Stutzle 0 3 3 2 0 5 3 3 0 1 11/20 20:39 3:24 2:47
Victor Hedman 1 0 1 2 2 2 3 0 0 0 0/0 23:36 3:09 1:48
Zachary Werenski 0 0 0 -1 0 1 0 0 0 0 0/0 17:46 0:00 1:23
3 Stars
1 - Tim Stutzle (COL)
2 - Nikita Kucherov (COL)
3 - Ilya Samsonov (COL)
Power Play
New York Rangers - 0 on 3 Attempt(s) - 0.00%
Colorado Rockies - 1 on 4 Attempt(s) - 25.00%
Penalty Kill
New York Rangers - 3 on 4 Attempt(s) - 75.00%
- Score 0 goal in Penalty Kill
Colorado Rockies - 3 on 3 Attempt(s) - 100.00%
- Score 0 goal in Penalty Kill
Team Stat
New York Rangers - Hits : 18 - Faceoff Wins : 22 - Blocked Shots : 9 - Penalty Minutes : 8
Colorado Rockies - Hits : 28 - Faceoff Wins : 28 - Blocked Shots : 10 - Penalty Minutes : 6
Official
Referees : Jean Hebert and Justin StPierre
Linesman : Trent Knorr and Mark Shewchyk
Game Notes
Victor Hedman has scored in a empty net!
Finance
Level 1 -- Attendance: 6000 (100.00%) -- Ticket Income $540,000
Level 2 -- Attendance: 5000 (100.00%) -- Ticket Income $275,000
Level 3 -- Attendance: 2243 (74.77%) -- Ticket Income $78,505
Level 4 -- Attendance: 4159 (83.18%) -- Ticket Income $103,975
Luxury Box -- Attendance: 1000 (100.00%) -- Ticket Income $175,000
Game was played at the Pepsi Center.
Total Attendance: 18402 (92.01%)
Total Ticket Income: $1,172,480
Other Income: $410,368
Total Income: $1,582,848
New York Rangers
5 vs 5 Forward
Center Left Wing Right Wing Time % Phy DF OF
1 Pierre-Luc Dubois Artemi Panarin Nathan MacKinnon 35 0 1 4
2 Mikael Granlund Cole Caufield Mathew Barzal 30 1 1 3
3 Filip Chytil Andre Burakovsky Gabriel Landeskog 23 1 2 2
4 David Kampf Conor Garland Tyler Motte 12 1 3 1
5 vs 5 Defense
Defense Defense Time % Phy DF OF
1 Cam Fowler Adam Larsson 35 1 2 2
2 Dmitry Kulikov Mark Giordano 33 1 2 2
3 Matthew Benning Jake McCabe 32 1 2 2
4 Cam Fowler Adam Larsson 0 1 2 2
PowerPlay Forward
Center Left Wing Right Wing Time % Phy DF OF
1 Pierre-Luc Dubois Nathan MacKinnon Artemi Panarin 50 0 1 4
2 Mikael Granlund Gabriel Landeskog Cole Caufield 50 0 1 4
PowerPlay Defense
Defense Defense Time % Phy DF OF
1 Mathew Barzal Adam Larsson 60 1 1 3
2 Andre Burakovsky Mark Giordano 40 1 1 3
Penalty Kill 4 Players Forward
Center Wing Time % Phy DF OF
1 David Kampf Tyler Motte 50 1 3 1
2 Mikael Granlund Conor Garland 50 1 3 1
Penalty Kill 4 Players Defense
Defense Defense Time % Phy DF OF
1 Matthew Benning Dmitry Kulikov 50 1 3 1
2 Adam Larsson Mark Giordano 50 1 3 1
Penalty Kill - 3 Players Forward
Forward Time % Phy DF OF
1 Mikael Granlund 50 1 2 2
2 David Kampf 50 1 2 2
Penalty Kill - 3 Players Defense
Defense Defense Time % Phy DF OF
1 Matthew Benning Dmitry Kulikov 50 1 3 1
2 Adam Larsson Mark Giordano 50 1 3 1
4 vs 4 Forward
Center Wing Time % Phy DF OF
1 Nathan MacKinnon Artemi Panarin 50 0 2 3
2 Pierre-Luc Dubois Mathew Barzal 50 0 2 3
4 vs 4 Defense
Defense Defense Time % Phy DF OF
1 Cam Fowler Adam Larsson 50 1 2 2
2 Dmitry Kulikov Mark Giordano 50 1 2 2
Last Minutes Offensive
Center Left Wing Right Wing Defense Defense
Nathan MacKinnon Artemi Panarin Pierre-Luc Dubois Cam Fowler Adam Larsson
Last Minutes Defensive
Center Left Wing Right Wing Defense Defense
David Kampf Tyler Motte Mikael Granlund Dmitry Kulikov Adam Larsson
Goaltenders
Starting : Igor Shesterkin
Backup : Tristan Jarry
Extra Forwards
Normal : Nathan MacKinnon, Pierre-Luc Dubois, Gabriel Landeskog - PP : Gabriel Landeskog, Cole Caufield - PK : David Kampf
Extra Defensemen
Normal : Matthew Benning, Jake McCabe, Dmitry Kulikov - PP : Matthew Benning - PK : Jake McCabe, Dmitry Kulikov
Penalty Shots
Artemi Panarin, Cole Caufield, Pierre-Luc Dubois, Mark Giordano, Nathan MacKinnon
Colorado Rockies
5 vs 5 Forward
Center Left Wing Right Wing Time % Phy DF OF
1 Tim Stutzle Jesper Bratt Nikita Kucherov 33 1 2 2
2 Evgeny Kuznetsov Kyle Connor David Pastrnak 30 1 2 2
3 Ryan O'Reilly Dylan Strome Nick Schmaltz 25 1 2 2
4 Nick Bonino Kevin Hayes Kyle Palmieri 12 1 2 2
5 vs 5 Defense
Defense Defense Time % Phy DF OF
1 Victor Hedman Quinn Hughes 35 1 2 2
2 Roman Josi Zachary Werenski 33 1 2 2
3 Shea Theodore Martin Fehervary 27 1 2 2
4 Victor Hedman Roman Josi 5 1 2 2
PowerPlay Forward
Center Left Wing Right Wing Time % Phy DF OF
1 Tim Stutzle Kyle Connor Nikita Kucherov 50 1 2 2
2 Ryan O'Reilly Jesper Bratt David Pastrnak 50 1 2 2
PowerPlay Defense
Defense Defense Time % Phy DF OF
1 Victor Hedman Roman Josi 50 1 2 2
2 Quinn Hughes Shea Theodore 50 1 2 2
Penalty Kill 4 Players Forward
Center Wing Time % Phy DF OF
1 Ryan O'Reilly Nick Bonino 50 1 2 2
2 Evgeny Kuznetsov Tim Stutzle 50 1 2 2
Penalty Kill 4 Players Defense
Defense Defense Time % Phy DF OF
1 Victor Hedman Roman Josi 50 1 2 2
2 Quinn Hughes Martin Fehervary 50 1 2 2
Penalty Kill - 3 Players Forward
Forward Time % Phy DF OF
1 Ryan O'Reilly 50 1 2 2
2 Nick Bonino 50 1 2 2
Penalty Kill - 3 Players Defense
Defense Defense Time % Phy DF OF
1 Victor Hedman Roman Josi 50 1 2 2
2 Quinn Hughes Shea Theodore 50 1 2 2
4 vs 4 Forward
Center Wing Time % Phy DF OF
1 Tim Stutzle Nikita Kucherov 50 1 2 2
2 Ryan O'Reilly David Pastrnak 50 1 2 2
4 vs 4 Defense
Defense Defense Time % Phy DF OF
1 Victor Hedman Roman Josi 50 1 2 2
2 Quinn Hughes Martin Fehervary 50 1 2 2
Last Minutes Offensive
Center Left Wing Right Wing Defense Defense
Tim Stutzle Kyle Connor Nikita Kucherov Victor Hedman Roman Josi
Last Minutes Defensive
Center Left Wing Right Wing Defense Defense
Tim Stutzle Kyle Connor Nikita Kucherov Victor Hedman Roman Josi
Goaltenders
Starting : Ilya Samsonov
Backup : Andrei Vasilevskiy
Extra Forwards
Normal : Nick Bonino, Ryan O'Reilly, Evgeny Kuznetsov - PP : Nick Bonino, Ryan O'Reilly - PK : Evgeny Kuznetsov
Extra Defensemen
Normal : Shea Theodore, Martin Fehervary, Quinn Hughes - PP : Shea Theodore - PK : Martin Fehervary, Quinn Hughes
Penalty Shots
Tim Stutzle, Nikita Kucherov, David Pastrnak, Kyle Connor, Jesper Bratt
% Time on Ice - New York Rangers
Lines # - Real PCT - Wanted PCT - Time Play
Normal Forward
1 - 30% - 35% - 13:48
2 - 32% - 30% - 14:49
3 - 20% - 23% - 9:16
4 - 19% - 12% - 8:48
Normal Defense
1 - 33% - 35% - 15:35
2 - 33% - 33% - 15:34
3 - 33% - 32% - 15:32
4 - 0% - 0% - 0:00
PP Forward
1 - 52% - 50% - 3:07
2 - 48% - 50% - 2:50
PP Defense
1 - 55% - 60% - 3:15
2 - 45% - 40% - 2:42
PK Forward
1 - 48% - 50% - 3:11
2 - 52% - 50% - 3:30
PK Defense
1 - 46% - 50% - 3:04
2 - 54% - 50% - 3:37
PK3 Forward
1 - 0% - 50%
2 - 0% - 50%
PK3 Defense
1 - 0% - 50%
2 - 0% - 50%
44 Forward
1 - 0% - 50%
2 - 0% - 50%
44 Defense
1 - 0% - 50%
2 - 0% - 50%
Last Minute Offensive - 0:41
Last Minute Defensive - 0:00
Total
Forward - 60:00
Defense - 60:00
|
% Time on Ice - Colorado Rockies
Lines # - Real PCT - Wanted PCT - Time Play
Normal Forward
1 - 29% - 33% - 13:37
2 - 31% - 30% - 14:27
3 - 23% - 25% - 10:38
4 - 17% - 12% - 8:00
Normal Defense
1 - 36% - 35% - 16:44
2 - 33% - 33% - 15:37
3 - 26% - 27% - 12:15
4 - 4% - 5% - 2:06
PP Forward
1 - 51% - 50% - 3:24
2 - 49% - 50% - 3:17
PP Defense
1 - 54% - 50% - 3:37
2 - 46% - 50% - 3:04
PK Forward
1 - 45% - 50% - 2:41
2 - 55% - 50% - 3:16
PK Defense
1 - 61% - 50% - 3:36
2 - 39% - 50% - 2:21
PK3 Forward
1 - 0% - 50%
2 - 0% - 50%
PK3 Defense
1 - 0% - 50%
2 - 0% - 50%
44 Forward
1 - 0% - 50%
2 - 0% - 50%
44 Defense
1 - 0% - 50%
2 - 0% - 50%
Last Minute Offensive - 0:00
Last Minute Defensive - 0:40
Total
Forward - 60:00
Defense - 60:00
|
Play-by-Play
1st period
0:01 of 1st period - Nathan MacKinnon wins face-off versus Jesper Bratt in neutral zone.
0:10 of 1st period - Pierre-Luc Dubois is hit by Tim Stutzle and loses puck.
0:15 of 1st period - Snap shot by Nikita Kucherov.
0:15 of 1st period - Stopped by Igor Shesterkin with a rebound.
0:17 of 1st period - Wrist shot by Tim Stutzle.
0:17 of 1st period - Stopped by Igor Shesterkin with a rebound.
0:27 of 1st period - Quinn Hughes is hit by Adam Larsson and loses puck.
0:56 of 1st period - Adam Larsson is hit by Nick Schmaltz and loses puck.
1:11 of 1st period - Wrist shot by Gabriel Landeskog.
1:11 of 1st period - Stopped by Ilya Samsonov without a rebound.
1:12 of 1st period - Nick Bonino wins face-off versus Conor Garland in Colorado Rockies zone.
1:17 of 1st period - Wrist shot by Kevin Hayes.
1:17 of 1st period - Shot Blocked by Dmitry Kulikov.
1:49 of 1st period - Snap shot by David Pastrnak.
1:49 of 1st period - Stopped by Igor Shesterkin without a rebound.
1:50 of 1st period - Nathan MacKinnon wins face-off versus Tim Stutzle in New York Rangers zone.
2:00 of 1st period - Jake McCabe is hit by Victor Hedman and loses puck.
3:06 of 1st period - Roman Josi is hit by David Kampf and loses puck.
3:21 of 1st period - Slapshot by Pierre-Luc Dubois.
3:21 of 1st period - Shot Misses the Net.
3:33 of 1st period - Slapshot by Nathan MacKinnon.
3:33 of 1st period - Shot Misses the Net.
3:45 of 1st period - Dmitry Kulikov is hit by Martin Fehervary and loses puck.
4:09 of 1st period - Off-side.
4:10 of 1st period - Pierre-Luc Dubois wins face-off versus Tim Stutzle in neutral zone.
4:25 of 1st period - Wrist shot by Artemi Panarin.
4:25 of 1st period - Shot Misses the Net.
4:27 of 1st period - Slapshot by Pierre-Luc Dubois.
4:27 of 1st period - Stopped by Ilya Samsonov with a rebound.
5:23 of 1st period - Wrist shot by Cole Caufield.
5:23 of 1st period - Stopped by Ilya Samsonov without a rebound.
5:24 of 1st period - Nick Schmaltz wins face-off versus Pierre-Luc Dubois in Colorado Rockies zone.
5:40 of 1st period - Snap shot by Nathan MacKinnon.
5:40 of 1st period - Stopped by Ilya Samsonov with a rebound.
5:52 of 1st period - Wrist shot by Tyler Motte.
5:52 of 1st period - Shot Misses the Net.
6:22 of 1st period - Snap shot by Dylan Strome.
6:22 of 1st period - Stopped by Igor Shesterkin without a rebound.
6:23 of 1st period - Filip Chytil wins face-off versus Tim Stutzle in New York Rangers zone.
6:27 of 1st period - Off-side.
6:28 of 1st period - Filip Chytil wins face-off versus Tim Stutzle in neutral zone.
6:39 of 1st period - Snap shot by Andre Burakovsky.
6:39 of 1st period - Deflect By Filip Chytil.
6:39 of 1st period - Stopped by Ilya Samsonov without a rebound.
6:40 of 1st period - Evgeny Kuznetsov wins face-off versus Pierre-Luc Dubois in Colorado Rockies zone.
7:29 of 1st period - Snap shot by Kevin Hayes.
7:29 of 1st period - Shot Hit the Post.
7:49 of 1st period - Matthew Benning is hit by Ryan O'Reilly and loses puck.
8:20 of 1st period - Wrist shot by Nathan MacKinnon.
8:20 of 1st period - Stopped by Ilya Samsonov without a rebound.
8:21 of 1st period - Tim Stutzle wins face-off versus Filip Chytil in Colorado Rockies zone.
8:29 of 1st period - Minor Penalty to Dmitry Kulikov for Hooking.
8:30 of 1st period - David Kampf wins face-off versus Tim Stutzle in New York Rangers zone.
10:29 of 1st period - Penalty to Dmitry Kulikov is over, Dmitry Kulikov is back on ice.
10:47 of 1st period - Wrist shot by Gabriel Landeskog.
10:47 of 1st period - Shot Misses the Net.
10:57 of 1st period - Dmitry Kulikov is hit by Ryan O'Reilly and loses puck.
11:26 of 1st period - Pierre-Luc Dubois is hit by Martin Fehervary and loses puck.
11:55 of 1st period - Victor Hedman is hit by Adam Larsson and loses puck.
12:12 of 1st period - Quinn Hughes is hit by David Kampf and loses puck.
12:50 of 1st period - Ryan O'Reilly is hit by Matthew Benning and loses puck.
13:42 of 1st period - Dmitry Kulikov is hit by Kyle Palmieri and loses puck.
14:49 of 1st period - Slapshot by Conor Garland.
14:49 of 1st period - Goal by Conor Garland - New York Rangers : 1 - Colorado Rockies : 0.
14:50 of 1st period - Tim Stutzle wins face-off versus Pierre-Luc Dubois in neutral zone.
14:53 of 1st period - Nathan MacKinnon is hit by Tim Stutzle and loses puck.
15:02 of 1st period - Wrist shot by Nathan MacKinnon.
15:02 of 1st period - Shot Blocked by Tim Stutzle.
15:04 of 1st period - Snap shot by Pierre-Luc Dubois.
15:04 of 1st period - Deflect By Artemi Panarin.
15:04 of 1st period - Shot Blocked by Tim Stutzle.
15:04 of 1st period - Puck is out of play.
15:05 of 1st period - Evgeny Kuznetsov wins face-off versus Mikael Granlund in Colorado Rockies zone.
15:05 of 1st period - Evgeny Kuznetsov is hit by Cole Caufield.
15:13 of 1st period - Snap shot by Evgeny Kuznetsov.
15:13 of 1st period - Stopped by Igor Shesterkin without a rebound.
15:14 of 1st period - Evgeny Kuznetsov wins face-off versus Mikael Granlund in New York Rangers zone.
15:27 of 1st period - Wrist shot by Mathew Barzal.
15:27 of 1st period - Shot Misses the Net.
15:29 of 1st period - Wrist shot by Mikael Granlund.
15:29 of 1st period - Stopped by Ilya Samsonov with a rebound.
15:33 of 1st period - Wrist shot by Mikael Granlund.
15:33 of 1st period - Shot Blocked by Kyle Connor.
15:35 of 1st period - Slapshot by Mikael Granlund.
15:35 of 1st period - Stopped by Ilya Samsonov without a rebound.
15:36 of 1st period - Nathan MacKinnon wins face-off versus Tim Stutzle in Colorado Rockies zone.
16:10 of 1st period - Wrist shot by David Pastrnak.
16:10 of 1st period - Stopped by Igor Shesterkin without a rebound.
16:11 of 1st period - Mikael Granlund wins face-off versus Evgeny Kuznetsov in New York Rangers zone.
16:22 of 1st period - Wrist shot by David Pastrnak.
16:22 of 1st period - Shot Hit the Post.
16:24 of 1st period - Wrist shot by David Pastrnak.
16:24 of 1st period - Stopped by Igor Shesterkin without a rebound.
16:25 of 1st period - Tim Stutzle wins face-off versus Pierre-Luc Dubois in New York Rangers zone.
16:30 of 1st period - Snap shot by Tim Stutzle.
16:30 of 1st period - Shot Misses the Net.
16:32 of 1st period - Snap shot by Jesper Bratt.
16:32 of 1st period - Stopped by Igor Shesterkin with a rebound.
16:58 of 1st period - Wrist shot by Gabriel Landeskog.
16:58 of 1st period - Stopped by Ilya Samsonov without a rebound.
16:59 of 1st period - Evgeny Kuznetsov wins face-off versus Mikael Granlund in Colorado Rockies zone.
17:38 of 1st period - Snap shot by Ryan O'Reilly.
17:38 of 1st period - Stopped by Igor Shesterkin with a rebound.
17:40 of 1st period - Wrist shot by Nick Schmaltz.
17:40 of 1st period - Deflect By Ryan O'Reilly.
17:40 of 1st period - Shot Blocked by Adam Larsson.
17:40 of 1st period - Puck is out of play.
17:41 of 1st period - Pierre-Luc Dubois wins face-off versus Tim Stutzle in New York Rangers zone.
17:52 of 1st period - Wrist shot by Artemi Panarin.
17:52 of 1st period - Shot Misses the Net.
17:54 of 1st period - Wrist shot by Nathan MacKinnon.
17:54 of 1st period - Shot Misses the Net.
17:56 of 1st period - Slapshot by Artemi Panarin.
17:56 of 1st period - Stopped by Ilya Samsonov with a rebound.
17:58 of 1st period - Wrist shot by Artemi Panarin.
17:58 of 1st period - Shot Misses the Net.
18:14 of 1st period - Icing by Gabriel Landeskog.
18:15 of 1st period - Evgeny Kuznetsov wins face-off versus Filip Chytil in New York Rangers zone.
18:36 of 1st period - Snap shot by Filip Chytil.
18:36 of 1st period - Shot Misses the Net.
18:38 of 1st period - Slapshot by Dmitry Kulikov.
18:38 of 1st period - Stopped by Ilya Samsonov without a rebound.
18:39 of 1st period - Tim Stutzle wins face-off versus Pierre-Luc Dubois in Colorado Rockies zone.
18:50 of 1st period - Snap shot by Nikita Kucherov.
18:50 of 1st period - Stopped by Igor Shesterkin without a rebound.
18:51 of 1st period - Tim Stutzle wins face-off versus Nathan MacKinnon in New York Rangers zone.
18:56 of 1st period - Snap shot by Nikita Kucherov.
18:56 of 1st period - Deflect By Nathan MacKinnon.
18:56 of 1st period - Stopped by Igor Shesterkin without a rebound.
18:57 of 1st period - Tim Stutzle wins face-off versus Pierre-Luc Dubois in New York Rangers zone.
Goals for this period are 1 for New York Rangers vs 0 for Colorado Rockies.
Shots for this period are 12 for New York Rangers vs 11 for Colorado Rockies.
2nd period
0:01 of 2nd period - Ryan O'Reilly wins face-off versus Mikael Granlund in neutral zone.
0:28 of 2nd period - Snap shot by Mathew Barzal.
0:28 of 2nd period - Stopped by Ilya Samsonov with a rebound.
0:30 of 2nd period - Slapshot by Mark Giordano.
0:30 of 2nd period - Stopped by Ilya Samsonov with a rebound.
0:32 of 2nd period - Snap shot by Andre Burakovsky.
0:32 of 2nd period - Shot Misses the Net.
0:34 of 2nd period - Slapshot by Mark Giordano.
0:34 of 2nd period - Shot Blocked by Kyle Connor.
1:00 of 2nd period - Slapshot by Tim Stutzle.
1:00 of 2nd period - Shot Blocked by Mark Giordano.
1:17 of 2nd period - Snap shot by Tyler Motte.
1:17 of 2nd period - Stopped by Ilya Samsonov without a rebound.
1:18 of 2nd period - Ryan O'Reilly wins face-off versus Mikael Granlund in Colorado Rockies zone.
1:25 of 2nd period - Wrist shot by Ryan O'Reilly.
1:25 of 2nd period - Shot Misses the Net.
1:31 of 2nd period - Cole Caufield is hit by Dylan Strome.
2:09 of 2nd period - Adam Larsson is hit by Victor Hedman and loses puck.
2:28 of 2nd period - David Kampf is hit by Kyle Palmieri.
2:38 of 2nd period - Wrist shot by Conor Garland.
2:38 of 2nd period - Stopped by Ilya Samsonov with a rebound.
2:56 of 2nd period - Minor Penalty to Mark Giordano for Hooking.
2:57 of 2nd period - Ryan O'Reilly wins face-off versus Mikael Granlund in New York Rangers zone.
3:01 of 2nd period - Snap shot by Jesper Bratt.
3:01 of 2nd period - Shot Misses the Net.
3:03 of 2nd period - Snap shot by David Pastrnak.
3:03 of 2nd period - Stopped by Igor Shesterkin without a rebound.
3:04 of 2nd period - Mikael Granlund wins face-off versus Jesper Bratt in New York Rangers zone.
3:04 of 2nd period - Mikael Granlund is hit by Roman Josi.
3:24 of 2nd period - Slapshot by Conor Garland.
3:24 of 2nd period - Stopped by Ilya Samsonov without a rebound.
3:25 of 2nd period - Conor Garland wins face-off versus Kyle Connor in Colorado Rockies zone.
3:26 of 2nd period - Slapshot by Mikael Granlund.
3:26 of 2nd period - Shot Misses the Net.
3:40 of 2nd period - Wrist shot by Nikita Kucherov.
3:40 of 2nd period - Goal by Nikita Kucherov - New York Rangers : 1 - Colorado Rockies : 1.
3:41 of 2nd period - Pierre-Luc Dubois wins face-off versus Evgeny Kuznetsov in neutral zone.
4:08 of 2nd period - Zachary Werenski is hit by Cole Caufield and loses puck.
4:19 of 2nd period - Tim Stutzle is hit by Dmitry Kulikov and loses puck.
5:24 of 2nd period - Wrist shot by Kyle Palmieri.
5:24 of 2nd period - Shot Misses the Net.
6:15 of 2nd period - Snap shot by Cole Caufield.
6:15 of 2nd period - Stopped by Ilya Samsonov with a rebound.
6:20 of 2nd period - Off-side.
6:21 of 2nd period - Pierre-Luc Dubois wins face-off versus Evgeny Kuznetsov in neutral zone.
6:53 of 2nd period - Andre Burakovsky is hit by Ryan O'Reilly and loses puck.
7:36 of 2nd period - Wrist shot by Mathew Barzal.
7:36 of 2nd period - Deflect By Mikael Granlund.
7:36 of 2nd period - Shot Misses the Net.
7:36 of 2nd period - Puck is out of play.
7:37 of 2nd period - Mikael Granlund wins face-off versus Evgeny Kuznetsov in Colorado Rockies zone.
7:46 of 2nd period - Slapshot by Mathew Barzal.
7:46 of 2nd period - Stopped by Ilya Samsonov with a rebound.
8:14 of 2nd period - Snap shot by Dylan Strome.
8:14 of 2nd period - Deflect By Nick Schmaltz.
8:14 of 2nd period - Shot Misses the Net.
8:14 of 2nd period - Puck is out of play.
8:15 of 2nd period - Filip Chytil wins face-off versus Tim Stutzle in New York Rangers zone.
8:40 of 2nd period - Artemi Panarin is hit by David Pastrnak and loses puck.
9:29 of 2nd period - Nick Bonino is hit by Conor Garland.
9:33 of 2nd period - Zachary Werenski is hit by Jake McCabe and loses puck.
9:54 of 2nd period - Snap shot by Jesper Bratt.
9:54 of 2nd period - Shot Blocked by Dmitry Kulikov.
9:56 of 2nd period - Slapshot by Jesper Bratt.
9:56 of 2nd period - Shot Misses the Net.
9:58 of 2nd period - Slapshot by Tim Stutzle.
9:58 of 2nd period - Stopped by Igor Shesterkin without a rebound.
9:59 of 2nd period - Evgeny Kuznetsov wins face-off versus Pierre-Luc Dubois in New York Rangers zone.
10:11 of 2nd period - Minor Penalty to Evgeny Kuznetsov for Holding.
10:12 of 2nd period - Pierre-Luc Dubois wins face-off versus Ryan O'Reilly in Colorado Rockies zone.
10:21 of 2nd period - Ryan O'Reilly is hit by Adam Larsson and loses puck.
10:43 of 2nd period - Tim Stutzle is hit by Gabriel Landeskog and loses puck.
12:11 of 2nd period - Penalty to Evgeny Kuznetsov is over, Evgeny Kuznetsov is back on ice.
12:21 of 2nd period - Snap shot by David Pastrnak.
12:21 of 2nd period - Shot Misses the Net.
12:23 of 2nd period - Slapshot by David Pastrnak.
12:23 of 2nd period - Shot Misses the Net.
12:45 of 2nd period - Artemi Panarin is hit by Nick Schmaltz and loses puck.
14:13 of 2nd period - Minor Penalty to Mark Giordano for Boarding.
14:14 of 2nd period - David Pastrnak wins face-off versus Conor Garland in New York Rangers zone.
14:15 of 2nd period - Wrist shot by Jesper Bratt.
14:15 of 2nd period - Stopped by Igor Shesterkin with a rebound.
16:13 of 2nd period - Penalty to Mark Giordano is over, Mark Giordano is back on ice.
16:24 of 2nd period - Mark Giordano is hit by Roman Josi.
17:26 of 2nd period - Snap shot by Gabriel Landeskog.
17:26 of 2nd period - Shot Misses the Net.
17:28 of 2nd period - Wrist shot by Gabriel Landeskog.
17:28 of 2nd period - Stopped by Ilya Samsonov without a rebound.
17:29 of 2nd period - Evgeny Kuznetsov wins face-off versus Filip Chytil in Colorado Rockies zone.
17:40 of 2nd period - Snap shot by Kyle Connor.
17:40 of 2nd period - Stopped by Igor Shesterkin with a rebound.
17:42 of 2nd period - Slapshot by Martin Fehervary.
17:42 of 2nd period - Shot Blocked by Filip Chytil.
17:54 of 2nd period - Wrist shot by Nathan MacKinnon.
17:54 of 2nd period - Deflect By Artemi Panarin.
17:54 of 2nd period - Stopped by Ilya Samsonov without a rebound.
17:55 of 2nd period - Ryan O'Reilly wins face-off versus Pierre-Luc Dubois in Colorado Rockies zone.
18:22 of 2nd period - Mikael Granlund is hit by Nikita Kucherov.
19:16 of 2nd period - Slapshot by Tyler Motte.
19:16 of 2nd period - Shot Blocked by Kevin Hayes.
19:18 of 2nd period - Snap shot by David Kampf.
19:18 of 2nd period - Shot Blocked by Kyle Palmieri.
Goals for this period are 0 for New York Rangers vs 1 for Colorado Rockies.
Shots for this period are 9 for New York Rangers vs 5 for Colorado Rockies.
3rd period
0:01 of 3rd period - Tim Stutzle wins face-off versus Pierre-Luc Dubois in neutral zone.
0:16 of 3rd period - Snap shot by Nathan MacKinnon.
0:16 of 3rd period - Shot Blocked by Tim Stutzle.
0:22 of 3rd period - Minor Penalty to Victor Hedman for Cross-checking.
0:23 of 3rd period - Mikael Granlund wins face-off versus Ryan O'Reilly in Colorado Rockies zone.
0:50 of 3rd period - Artemi Panarin is hit by Martin Fehervary and loses puck.
1:39 of 3rd period - Nathan MacKinnon is hit by Ryan O'Reilly and loses puck.
2:22 of 3rd period - Penalty to Victor Hedman is over, Victor Hedman is back on ice.
2:33 of 3rd period - Andre Burakovsky is hit by Victor Hedman and loses puck.
2:52 of 3rd period - Jake McCabe is hit by Kyle Palmieri and loses puck.
3:55 of 3rd period - Slapshot by Roman Josi.
3:55 of 3rd period - Deflect By Nick Schmaltz.
3:55 of 3rd period - Stopped by Igor Shesterkin with a rebound.
4:11 of 3rd period - Jesper Bratt is hit by Dmitry Kulikov and loses puck.
4:22 of 3rd period - Mikael Granlund is hit by Evgeny Kuznetsov.
4:50 of 3rd period - Nikita Kucherov is hit by Tyler Motte and loses puck.
6:11 of 3rd period - Cole Caufield is hit by Tim Stutzle and loses puck.
6:30 of 3rd period - Ryan O'Reilly is hit by Gabriel Landeskog and loses puck.
6:41 of 3rd period - Snap shot by Nathan MacKinnon.
6:41 of 3rd period - Stopped by Ilya Samsonov with a rebound.
6:55 of 3rd period - Conor Garland is hit by Kyle Connor and loses puck.
6:59 of 3rd period - Icing by Adam Larsson.
7:00 of 3rd period - Evgeny Kuznetsov wins face-off versus David Kampf in New York Rangers zone.
7:52 of 3rd period - Backhand shot by Kyle Palmieri.
7:52 of 3rd period - Shot Blocked by Tyler Motte.
7:54 of 3rd period - Slapshot by Zachary Werenski.
7:54 of 3rd period - Stopped by Igor Shesterkin without a rebound.
7:55 of 3rd period - Tim Stutzle wins face-off versus Pierre-Luc Dubois in New York Rangers zone.
8:00 of 3rd period - Snap shot by Nikita Kucherov.
8:00 of 3rd period - Stopped by Igor Shesterkin with a rebound.
8:02 of 3rd period - Snap shot by Jesper Bratt.
8:02 of 3rd period - Goal by Jesper Bratt - New York Rangers : 1 - Colorado Rockies : 2.
8:03 of 3rd period - Pierre-Luc Dubois wins face-off versus Tim Stutzle in neutral zone.
8:16 of 3rd period - Wrist shot by Tim Stutzle.
8:16 of 3rd period - Stopped by Igor Shesterkin without a rebound.
8:17 of 3rd period - Tim Stutzle wins face-off versus Mikael Granlund in New York Rangers zone.
8:22 of 3rd period - Slapshot by Tim Stutzle.
8:22 of 3rd period - Stopped by Igor Shesterkin without a rebound.
8:23 of 3rd period - Tim Stutzle wins face-off versus Mikael Granlund in New York Rangers zone.
8:37 of 3rd period - Minor Penalty to Mark Giordano for Hooking.
8:38 of 3rd period - Nikita Kucherov wins face-off versus David Kampf in New York Rangers zone.
9:07 of 3rd period - Snap shot by Tim Stutzle.
9:07 of 3rd period - Shot Blocked by David Kampf.
9:09 of 3rd period - Slapshot by Roman Josi.
9:09 of 3rd period - Stopped by Igor Shesterkin with a rebound.
9:11 of 3rd period - Slapshot by Roman Josi.
9:11 of 3rd period - Shot Blocked by Adam Larsson.
9:13 of 3rd period - Snap shot by Roman Josi.
9:13 of 3rd period - Stopped by Igor Shesterkin with a rebound.
9:15 of 3rd period - Slapshot by Victor Hedman.
9:15 of 3rd period - Stopped by Igor Shesterkin with a rebound.
9:17 of 3rd period - Slapshot by Roman Josi.
9:17 of 3rd period - Shot Blocked by Jake McCabe.
9:35 of 3rd period - Snap shot by Tim Stutzle.
9:35 of 3rd period - Stopped by Igor Shesterkin without a rebound.
9:36 of 3rd period - Mikael Granlund wins face-off versus Ryan O'Reilly in New York Rangers zone.
10:37 of 3rd period - Penalty to Mark Giordano is over, Mark Giordano is back on ice.
10:49 of 3rd period - Icing by Roman Josi.
10:50 of 3rd period - Pierre-Luc Dubois wins face-off versus Nick Bonino in Colorado Rockies zone.
11:03 of 3rd period - Snap shot by Artemi Panarin.
11:03 of 3rd period - Stopped by Ilya Samsonov with a rebound.
11:05 of 3rd period - Slapshot by Artemi Panarin.
11:05 of 3rd period - Stopped by Ilya Samsonov with a rebound.
11:07 of 3rd period - Snap shot by Dmitry Kulikov.
11:07 of 3rd period - Shot Misses the Net.
11:13 of 3rd period - Minor Penalty to Roman Josi for Hooking.
11:14 of 3rd period - Artemi Panarin wins face-off versus Ryan O'Reilly in Colorado Rockies zone.
12:08 of 3rd period - Quinn Hughes is hit by Nathan MacKinnon and loses puck.
13:13 of 3rd period - Penalty to Roman Josi is over, Roman Josi is back on ice.
13:21 of 3rd period - Mark Giordano is hit by Kyle Connor and loses puck.
14:53 of 3rd period - Mark Giordano is hit by Dylan Strome and loses puck.
15:00 of 3rd period - Quinn Hughes is hit by Mikael Granlund and loses puck.
16:08 of 3rd period - Gabriel Landeskog is hit by Martin Fehervary and loses puck.
18:11 of 3rd period - Icing by Quinn Hughes.
18:12 of 3rd period - Evgeny Kuznetsov wins face-off versus Mikael Granlund in Colorado Rockies zone.
18:12 of 3rd period - Evgeny Kuznetsov is hit by Mathew Barzal.
19:03 of 3rd period - New York Rangers, Igor Shesterkin is pulled from the net.
19:15 of 3rd period - Wrist shot by Artemi Panarin.
19:15 of 3rd period - Shot Blocked by Roman Josi.
19:17 of 3rd period - Slapshot by Dmitry Kulikov.
19:17 of 3rd period - Shot Blocked by Kyle Connor.
19:19 of 3rd period - Slapshot by Mark Giordano.
19:19 of 3rd period - Stopped by Ilya Samsonov with a rebound.
19:21 of 3rd period - Slapshot by Mark Giordano.
19:21 of 3rd period - Stopped by Ilya Samsonov without a rebound.
19:22 of 3rd period - Bill Peters call a timeout for New York Rangers.
19:22 of 3rd period - Tim Stutzle wins face-off versus Mathew Barzal in Colorado Rockies zone.
19:31 of 3rd period - Snap shot by Victor Hedman.
19:31 of 3rd period - Goal by Victor Hedman - New York Rangers : 1 - Colorado Rockies : 3.
19:31 of 3rd period - Igor Shesterkin from New York Rangers was sent back in the game.
19:32 of 3rd period - Filip Chytil wins face-off versus Ryan O'Reilly in neutral zone.
19:37 of 3rd period - Slapshot by Cam Fowler.
19:37 of 3rd period - Shot Blocked by Roman Josi.
Goals for this period are 0 for New York Rangers vs 2 for Colorado Rockies.
Shots for this period are 5 for New York Rangers vs 11 for Colorado Rockies.
Back to the Top